[Event "Titled Tuesday Blitz August 02 Late 2022"]
[White "Holt, Conrad"]
[Black "Maksimovic, Bojan"]
[WhiteFideId "2034387"]
[BlackFideId "14408120"]
[WhiteElo "2586"]
[BlackElo "2453"]
[Result "1-0"]
[Round "11"]
[TimeControl "180+1"]
[Date "2022.08.02"]
[WhiteClock "0:00:16"]
[BlackClock "0:00:02"]

1. d4 c5 2. d5 e5 3. c4 d6 4. Nc3 Be7 5. Nf3 Bg4 6. Qa4+ Kf8 7. Qb3 Na6 8. a3 Rb8 9. Nb5 Nc7 10. Nxa7 Nxd5 11. Nb5 Nc7 12. Nxc7 Qxc7 13. e4 Nf6 14. h3 Be6 15. Ng5 Bd7 16. Bd3 h6 17. Nf3 b5 18. O-O bxc4 19. Qxc4 Be6 20. Qc3 Rb3 21. Qc2 Nd7 22. Nd2 Rb8 23. Nc4 Nb6 24. Ne3 Qb7 25. Bd2 Kg8 26. b3 Kh7 27. f4 Rhd8 28. Nd5 Kg8 29. Nxe7+ Qxe7 30. f5 Bd7 31. f6 gxf6 32. Bxh6 Kh7 33. Be3 Be6 34. Qf2 Rh8 35. b4 Bc4 36. Bxc4 Nxc4 37. bxc5 Nxe3 38. Qxe3 dxc5 39. Rf3 Kg7 40. Raf1 Rh6 41. a4 Rc8 42. a5 c4 43. a6 c3 44. a7 c2 45. Ra1 Qb7 46. Rff1 Rg6 47. Rfc1 Qc6 48. Ra2 Qb7 49. Kh2 f5 50. Rcxc2 Rxc2 51. Rxc2 f4 52. Qf2 Qxe4 53. Rc8 1-0


[Site "https://www.chess.com"]

[Event "Titled Tuesday Blitz August 02 Late 2022"]
[White "Izoria, Zviad"]
[Black "Pakleza, Zbigniew"]
[WhiteFideId "13601733"]
[BlackFideId "1119290"]
[WhiteElo "2626"]
[BlackElo "2467"]
[Result "1/2-1/2"]
[Round "11"]
[TimeControl "180+1"]
[Date "2022.08.02"]
[WhiteClock "0:00:05"]
[BlackClock "0:00:16"]

1. Nf3 Nf6 2. c4 c6 3. Nc3 d5 4. d4 Qb6 5. Qc2 Na6 6. a3 Bg4 7. Ne5 Be6 8. c5 Qd8 9. Bf4 Nc7 10. e3 g6 11. h3 Bg7 12. Bd3 O-O 13. O-O Nd7 14. Nf3 f6 15. b4 a6 16. Rfe1 Bf7 17. e4 e5 18. dxe5 fxe5 19. Bg3 d4 20. Nb1 Ne6 21. Nbd2 Nf4 22. Bc4 Qf6 23. Bxf4 Qxf4 24. Bxf7+ Rxf7 25. Nc4 Bf8 26. Qb3 Kg7 27. Rad1 Re8 28. Rd3 Qf6 29. Qc2 Qe6 30. Ng5 Qf6 31. Nxf7 Qxf7 32. Rf3 Qe6 33. Nb2 Nf6 34. Nd3 Be7 35. Nb2 Nd7 36. Qc4 Nf8 37. Qxe6 Nxe6 38. Nc4 Bf6 39. h4 Bxh4 40. Nxe5 Ng5 41. Nd3 Nxf3+ 42. gxf3 Bd8 43. f4 Bc7 44. Kg2 Kf6 45. Kf3 g5 46. fxg5+ Kxg5 47. Rg1+ Kf6 48. Rh1 Kg6 49. Rg1+ Kf6 50. Rh1 Kg6 51. Rg1+ Kf6 1/2-1/2


[Site "https://www.chess.com"]

[Event "Titled Tuesday Blitz August 02 Late 2022"]
[White "Kazancev, Valerij M"]
[Black "Wieczorek, Oskar"]
[WhiteFideId "4179609"]
[BlackFideId "1133950"]
[WhiteElo "2525"]
[BlackElo "2330"]
[Result "1-0"]
[Round "11"]
[TimeControl "180+1"]
[Date "2022.08.02"]
[WhiteClock "0:00:08"]
[BlackClock "0:00:49"]

1. c4 Nf6 2. g3 g6 3. Bg2 Bg7 4. Nc3 O-O 5. e3 c5 6. Nge2 Nc6 7. a3 d6 8. Rb1 Bf5 9. d3 Rb8 10. b4 Qc8 11. h3 b6 12. b5 Na5 13. e4 Bd7 14. Be3 Qd8 15. O-O Ne8 16. Qd2 Nc7 17. f4 f5 18. exf5 gxf5 19. Kh2 e6 20. Qa2 Kh8 21. d4 Qe7 22. Rfe1 Rbd8 23. Rbd1 Bf6 24. Bf2 Qg7 25. Bf3 cxd4 26. Bxd4 e5 27. Bf2 e4 28. Bh1 Be6 29. Nd5 Nxd5 30. cxd5 Bg8 31. Nd4 Qb7 32. Nxf5 Rfe8 33. Rxe4 Qd7 34. Nd4 Nb7 35. Ne6 Nc5 36. Bxc5 dxc5 37. Nxd8 Rxe4 38. Bxe4 Qxd8 39. Qe2 Qd6 40. Qg4 c4 41. Qc8 c3 42. a4 Qe7 43. Qf5 c2 44. Rc1 Bd4 45. Rxc2 Qb4 46. h4 Qe1 47. Rg2 Bc5 48. Qf6# 1-0


[Site "https://www.chess.com"]

[Event "Titled Tuesday Blitz August 02 Late 2022"]
[White "Koelle, Tobias"]
[Black "Perez Leiva, Jerzy Jesus"]
[WhiteFideId "16207378"]
[BlackFideId "3524337"]
[WhiteElo "2541"]
[BlackElo "2287"]
[Result "1-0"]
[Round "11"]
[TimeControl "180+1"]
[Date "2022.08.02"]
[WhiteClock "0:00:28"]
[BlackClock "0:00:01"]

1. d4 d5 2. Nf3 Nf6 3. Bg5 e6 4. Nbd2 h6 5. Bxf6 Qxf6 6. e4 dxe4 7. Nxe4 Qd8 8. Bd3 Nd7 9. Qe2 Nf6 10. O-O-O Nd5 11. g3 Be7 12. c3 Bd7 13. h4 c6 14. Ne5 Qc7 15. f4 Rf8 16. Nc5 Bxc5 17. dxc5 Qa5 18. c4 Nf6 19. g4 O-O-O 20. g5 Ng8 21. g6 fxg6 22. Nxg6 Rfe8 23. Qe5 Qxa2 24. Qxg7 Qa1+ 25. Kc2 Qa4+ 26. Kb1 Kb8 27. Qc3 Bc8 28. Bc2 Qa6 29. Ne5 Ne7 30. Nf7 Rxd1+ 31. Rxd1 b6 32. Qe5+ Ka8 33. cxb6 axb6 34. Qc7 Qb7 35. Qd6 Rf8 36. Ne5 Re8 37. Rd3 Qb8 38. Ra3+ Kb7 39. Qb4 Qc7 40. Be4 Nd5 41. Qa4 Qd6 42. cxd5 1-0


[Site "https://www.chess.com"]

[Event "Titled Tuesday Blitz August 02 Late 2022"]
[White "Kosteniuk, Alexandra"]
[Black "Ferreira, Vitor Hugo Vieira"]
[WhiteFideId "4128125"]
[BlackFideId "2119765"]
[WhiteElo "2469"]
[BlackElo "2168"]
[Result "1-0"]
[Round "11"]
[TimeControl "180+1"]
[Date "2022.08.02"]
[WhiteClock "0:00:52"]
[BlackClock "0:01:54"]

1. e4 c5 2. Nf3 d6 3. d4 cxd4 4. Qxd4 Nc6 5. Bb5 Bd7 6. Qd3 Nf6 7. Bg5 e6 8. Nc3 a6 9. Bxc6 Bxc6 10. O-O-O Be7 11. Nd4 Qc7 12. Bxf6 Bxf6 13. Nxc6 Qxc6 14. Qxd6 Qxd6 15. Rxd6 Bxc3 16. bxc3 Rc8 17. Kb2 Ke7 18. Rhd1 Rc7 19. e5 Rhc8 20. R1d3 b5 21. Rxa6 b4 22. Rb6 bxc3+ 23. Kb3 Rc5 24. Rb7+ Ke8 25. f4 Ra8 26. Rdd7 Rb5+ 27. Rxb5 Kxd7 28. Rb7+ Kc6 29. Rxf7 Kd5 30. Rxg7 Ke4 31. g3 h5 32. Rc7 Kd4 33. Rd7+ Ke4 34. Rc7 Kd4 35. Rc4+ Kd5 36. Rb4 h4 37. gxh4 Rh8 38. a4 Rxh4 39. a5 Rxh2 40. a6 Rh8 41. Ra4 Ra8 42. a7 Kc5 43. Kxc3 Kb6 44. Kb4 Kb7 45. Kb5 Rc8 46. a8=Q+ 1-0


[Site "https://www.chess.com"]

[Event "Titled Tuesday Blitz August 02 Late 2022"]
[White "Machidon, Cristi"]
[Black "Sohier, Julien"]
[WhiteFideId "13904590"]
[BlackFideId "645346"]
[WhiteElo "2312"]
[BlackElo "2209"]
[Result "1-0"]
[Round "11"]
[TimeControl "180+1"]
[Date "2022.08.02"]
[WhiteClock "0:01:27"]
[BlackClock "0:02:06"]

1. d4 d5 2. Bf4 c5 3. e3 Nc6 4. c3 e6 5. Nd2 Bd6 6. Bxd6 Qxd6 7. f4 cxd4 8. cxd4 Nf6 9. Bd3 O-O 10. Ngf3 b6 11. Ne5 Bb7 12. O-O Ne7 13. g4 Ne4 14. Qe1 f6 15. Nxe4 dxe4 16. Nc4 Qd7 17. Be2 e5 18. dxe5 fxe5 19. Nxe5 Qa4 20. Qc3 Rac8 21. Qb3+ Qxb3 22. axb3 a5 23. Bc4+ Kh8 24. Rfd1 1-0


[Site "https://www.chess.com"]

[Event "Titled Tuesday Blitz August 02 Late 2022"]
[White "Manukian, Artak"]
[Black "Ambartsumova, Karina"]
[WhiteFideId "13301373"]
[BlackFideId "4166299"]
[WhiteElo "2451"]
[BlackElo "2262"]
[Result "1-0"]
[Round "11"]
[TimeControl "180+1"]
[Date "2022.08.02"]
[WhiteClock "0:00:14"]
[BlackClock "0:00:05"]

1. e4 c5 2. Nf3 e6 3. c3 d5 4. e5 d4 5. cxd4 cxd4 6. Bb5+ Bd7 7. Nxd4 Bc5 8. Bxd7+ Qxd7 9. Nb3 Bb6 10. d4 Ne7 11. Be3 Nbc6 12. O-O O-O 13. Nc3 Rad8 14. Ne2 Nf5 15. Bg5 Rc8 16. Be3 h6 17. Qd2 Rfd8 18. Rfd1 Nce7 19. Nc3 Nd5 20. a4 a6 21. a5 Ba7 22. Qd3 Qe7 23. Rac1 Qb4 24. Nxd5 exd5 25. Rxc8 Rxc8 26. Qxf5 Rd8 27. Nc5 Bxc5 28. dxc5 d4 29. e6 fxe6 30. Qxe6+ Kh8 31. Qe7 Qxa5 32. h4 d3 33. Qe4 d2 34. b4 Qa2 35. Bd4 Qc4 36. Bxg7+ Kxg7 37. Qxc4 1-0


[Site "https://www.chess.com"]

[Event "Titled Tuesday Blitz August 02 Late 2022"]
[White "Martic, Ivan"]
[Black "Blanco Ronquillo, Humberto L."]
[WhiteFideId "929301"]
[BlackFideId "3504239"]
[WhiteElo "2355"]
[BlackElo "2423"]
[Result "0-1"]
[Round "11"]
[TimeControl "180+1"]
[Date "2022.08.02"]
[WhiteClock "0:00:23"]
[BlackClock "0:00:18"]

1. d4 d5 2. c4 c6 3. Nc3 Nf6 4. cxd5 cxd5 5. Bf4 Nc6 6. e3 Bf5 7. Qb3 Na5 8. Qa4+ Bd7 9. Qc2 Rc8 10. Nf3 e6 11. Bd3 Nc4 12. O-O Bb4 13. Rac1 O-O 14. h3 Qa5 15. Bxc4 Rxc4 16. Ne5 Rcc8 17. Nxd7 Nxd7 18. Qb3 Bxc3 19. bxc3 b5 20. Bd6 Rfe8 21. Bb4 Qa6 22. a4 bxa4 23. Qa2 Qb5 24. Rb1 a5 25. Bd6 Qc6 26. Bf4 Nb6 27. Rfc1 Nc4 28. Ra1 a3 29. Rcb1 h6 30. Rb3 Qd7 31. Rab1 Qe7 32. Rb7 Qf6 33. Ra7 Re7 34. Ra6 Qf5 35. Rb3 Qd3 36. Kh2 Nd2 37. Rxa3 Nf1+ 38. Kg1 Qxa6 39. Rxa5 Qd3 40. Ra8 Ree8 41. Ra3 Nd2 42. c4 Qf1+ 43. Kh2 Nxc4 44. Ra7 Qd3 45. Qa4 Qf5 46. Qd7 Nd2 47. f3 Nc4 48. Rb7 Qg6 49. h4 Qf6 50. Kg3 Red8 51. Qa4 Ra8 52. Qb4 Ra2 53. h5 Qf5 54. Qe7 Rf8 55. Rb1 Qxb1 0-1


[Site "https://www.chess.com"]

[Event "Titled Tuesday Blitz August 02 Late 2022"]
[White "Martinez Alcantara, Jose Eduardo"]
[Black "Fedoseev, Vladimir"]
[WhiteFideId "3805662"]
[BlackFideId "24130737"]
[WhiteElo "2703"]
[BlackElo "2726"]
[Result "1-0"]
[Round "11"]
[TimeControl "180+1"]
[Date "2022.08.02"]
[WhiteClock "0:01:11"]
[BlackClock "0:00:21"]

1. e4 c5 2. Nf3 d6 3. c3 Nf6 4. h3 g6 5. Bd3 Bg7 6. Bc2 b5 7. O-O Bb7 8. Re1 Nbd7 9. d4 e5 10. d5 O-O 11. Nbd2 c4 12. Nf1 Nc5 13. Ng3 h6 14. Be3 Re8 15. b4 cxb3 16. axb3 a6 17. Nd2 Rc8 18. Rc1 Ncd7 19. Bb1 Kh7 20. b4 Nb6 21. Bd3 Nbxd5 22. exd5 Nxd5 23. Qg4 Nxe3 24. fxe3 d5 25. Rf1 Rc7 26. Rxf7 Rxf7 27. Bxg6+ Kg8 28. Bxf7+ Kxf7 29. Nf5 Bf6 30. Rf1 Bc8 31. Qh5+ Ke6 32. Nb3 Kd7 33. Qf7+ Kc6 34. Nfd4+ exd4 35. Rxf6+ 1-0


[Site "https://www.chess.com"]

[Event "Titled Tuesday Blitz August 02 Late 2022"]
[White "Nakamura, Hikaru"]
[Black "Chigaev, Maksim"]
[WhiteFideId "2016192"]
[BlackFideId "4108116"]
[WhiteElo "2850"]
[BlackElo "2438"]
[Result "1-0"]
[Round "11"]
[TimeControl "180+1"]
[Date "2022.08.02"]
[WhiteClock "0:00:19"]
[BlackClock "0:00:08"]

1. e4 e6 2. d3 d5 3. Nd2 c5 4. Ngf3 Nc6 5. g3 Nf6 6. Bg2 g6 7. O-O Bg7 8. c3 O-O 9. e5 Nd7 10. d4 a5 11. Re1 cxd4 12. cxd4 f6 13. exf6 Qxf6 14. Qe2 a4 15. Nf1 Nxd4 16. Nxd4 Qxd4 17. Qxe6+ Kh8 18. Be3 Qxb2 19. Qxd5 Nf6 20. Qd4 Ng4 21. Qxb2 Bxb2 22. Rab1 Nxe3 23. Rxb2 Nxg2 24. Kxg2 a3 25. Rd2 b5 26. Rb1 Rb8 27. Rb4 Be6 28. Ne3 Rfd8 29. Re2 Kg7 30. g4 Bg8 31. h4 Rd3 32. Rc2 Rb7 33. Kf3 Be6 34. Ke2 Rd8 35. f4 Re7 36. Kf2 Rd3 37. Re4 Kf8 38. Ke2 Rd8 39. Kf3 Rd3 40. Ke2 Rd8 41. Re5 b4 42. Rb5 Bf7 43. Rxb4 Rde8 44. Rc3 Bxa2 45. Rxa3 Bf7 46. Kf3 Rc7 47. Rd3 Rec8 48. g5 Rc3 49. Rxc3 Rxc3 50. Ke4 Rc7 51. Rb8+ Kg7 52. f5 gxf5+ 53. Nxf5+ Kg6 54. Rb6+ Kh5 55. Rh6+ Kg4 56. Ne3+ Kg3 57. h5 Re7+ 58. Kf5 Rxe3 59. Rxh7 Rf3+ 60. Ke5 Bxh5 61. g6 Bxg6 62. Rg7 Rf5+ 63. Ke6 Rg5 64. Kf6 Rg4 65. Rg8 Bh5 66. Rb8 Bg6 67. Rb5 Kf4 68. Rb6 Be4 69. Rd6 Rg6+ 70. Kf7 Rg7+ 71. Kxg7 Ke5 72. Rf6 Kd4 73. Kh6 Bb1 74. Kg5 Kc3 75. Kf4 Kb2 76. Ke3 Ka1 77. Rb6 Ba2 78. Kd4 Bb1 79. Kc3 Ba2 80. Kc2 Bc4 81. Rb1+ Ka2 82. Rb4 1-0


[Site "https://www.chess.com"]

[Event "Titled Tuesday Blitz August 02 Late 2022"]
[White "Nazaretyan, Tigran"]
[Black "Riehle, Marco"]
[WhiteFideId "24162345"]
[BlackFideId "12904392"]
[WhiteElo "2179"]
[BlackElo "2462"]
[Result "1-0"]
[Round "11"]
[TimeControl "180+1"]
[Date "2022.08.02"]
[WhiteClock "0:01:05"]
[BlackClock "0:02:03"]

1. d4 d5 2. c4 e6 3. Nf3 Nf6 4. Nc3 c5 5. e3 cxd4 6. exd4 Be7 7. c5 b6 8. b4 a5 9. Na4 bxc5 10. bxc5 O-O 11. Bd3 Ne4 12. O-O Nc6 13. Re1 f5 14. Nb6 Rb8 15. Bb5 Qc7 16. Bxc6 Qxc6 17. Bf4 Rxb6 18. cxb6 Qxb6 19. Qc2 Bd7 20. Rab1 Qa7 21. Rec1 Rc8 22. Qxc8+ Bxc8 23. Rxc8+ Kf7 24. Ne5+ Kf6 25. Nc6 Qa6 26. Be5+ Kf7 27. Rc7 Qe2 28. Rxe7+ Kg6 29. Rxg7+ Kh6 30. Rf1 Nd2 31. Ra1 Ne4 32. Ne7 Qxf2+ 33. Kh1 f4 34. Ng8+ Kh5 35. Nf6+ Kh6 36. Ng4+ 1-0


[Site "https://www.chess.com"]

[Event "Titled Tuesday Blitz August 02 Late 2022"]
[White "Oparin, Grigoriy"]
[Black "Ibarra Jerez, Jose Carlos"]
[WhiteFideId "24125890"]
[BlackFideId "2226332"]
[WhiteElo "2639"]
[BlackElo "2628"]
[Result "1-0"]
[Round "11"]
[TimeControl "180+1"]
[Date "2022.08.02"]
[WhiteClock "0:02:04"]
[BlackClock "0:00:48"]

1. d4 Nf6 2. c4 d6 3. Nf3 g6 4. g3 Bf5 5. Bg2 Bg7 6. Nc3 Ne4 7. Nh4 Nxc3 8. bxc3 Bc8 9. O-O O-O 10. f4 c5 11. f5 Nc6 12. Be3 Qb6 13. Rb1 Qa6 14. Qd3 Na5 15. fxg6 hxg6 16. Nxg6 Re8 17. Bg5 f6 18. Nxe7+ Rxe7 19. Bxf6 Be6 20. Bxe7 Qxc4 21. Qg6 Bf7 22. Qg5 1-0


[Site "https://www.chess.com"]

[Event "Titled Tuesday Blitz August 02 Late 2022"]
[White "Prydun, Andriy"]
[Black "Shapiro, David"]
[WhiteFideId "14145898"]
[BlackFideId "24133523"]
[WhiteElo "2063"]
[BlackElo "2300"]
[Result "0-1"]
[Round "11"]
[TimeControl "180+1"]
[Date "2022.08.02"]
[WhiteClock "0:00:07"]
[BlackClock "0:02:21"]

1. e4 c5 2. Nf3 d6 3. c3 Nf6 4. h3 g6 5. Bd3 Bg7 6. Bc2 O-O 7. O-O d5 8. e5 Nfd7 9. d4 Nc6 10. Be3 e6 11. Nbd2 a5 12. Re1 b6 13. g3 Ba6 14. h4 cxd4 15. cxd4 Nb4 16. h5 Nxc2 17. Qxc2 Rc8 18. Qb3 Qc7 19. h6 Bh8 20. Nh2 Qc2 21. Ng4 Qf5 22. f3 f6 23. exf6 Nxf6 24. Qxb6 Nxg4 25. fxg4 Qxg4 26. Bf2 Be2 27. Nf1 Rxf2 28. Kxf2 Bxd4+ 29. Qxd4 Qxd4+ 30. Kxe2 Rc2+ 31. Kf3 Rf2# 0-1


[Site "https://www.chess.com"]

[Event "Titled Tuesday Blitz August 02 Late 2022"]
[White "Salem, A.R. Saleh"]
[Black "Babazada, Khazar"]
[WhiteFideId "9301348"]
[BlackFideId "13413554"]
[WhiteElo "2679"]
[BlackElo "2409"]
[Result "0-1"]
[Round "11"]
[TimeControl "180+1"]
[Date "2022.08.02"]
[WhiteClock "0:00:01"]
[BlackClock "0:01:06"]

1. d4 Nf6 2. c4 g6 3. Nc3 Bg7 4. e4 d6 5. f3 O-O 6. Be3 e5 7. d5 a5 8. Bd3 Na6 9. Nge2 Nc5 10. Bc2 c6 11. O-O cxd5 12. cxd5 Bd7 13. a4 Qb6 14. Qd2 Rfc8 15. Kh1 Nb3 16. Qd3 Nc5 17. Qd1 Qa6 18. Nc1 b5 19. axb5 Bxb5 20. Nxb5 Qxb5 21. b3 Nfd7 22. Nd3 Bf6 23. Rb1 Bd8 24. Nb2 Rab8 25. Nc4 Qa6 26. Ra1 a4 27. Nd2 Qb7 28. bxa4 Qb2 29. Bg1 Qc3 30. Rc1 Ba5 31. Nb1 Qb2 32. Be3 Rb4 33. h3 Rc4 34. Nd2 Rc3 35. Bh6 Nd3 36. Nb1 Rxc2 37. Rxc2 Rxc2 38. Qxd3 Rxg2 39. Qe3 Rh2+ 0-1


[Site "https://www.chess.com"]

[Event "Titled Tuesday Blitz August 02 Late 2022"]
[White "Sarana, Alexey"]
[Black "Andreikin, Dmitry"]
[WhiteFideId "24133795"]
[BlackFideId "4158814"]
[WhiteElo "2666"]
[BlackElo "2736"]
[Result "1-0"]
[Round "11"]
[TimeControl "180+1"]
[Date "2022.08.02"]
[WhiteClock "0:00:01"]
[BlackClock "0:00:01"]

1. c4 c6 2. d4 d5 3. Nf3 Nf6 4. Nc3 a6 5. e3 Bf5 6. Ne5 Nbd7 7. Qb3 Qc7 8. cxd5 Nxe5 9. dxe5 Nxd5 10. Nxd5 cxd5 11. Bd2 Qxe5 12. Rc1 Bd7 13. f4 Qd6 14. Qxb7 Rb8 15. Qa7 e6 16. Rc7 Rxb2 17. Qa8+ Ke7 18. Qa7 Rxa2 19. Bd3 Ra1+ 20. Ke2 Rxh1 21. Rb7 f5 22. Bb4 Qxb4 23. Rxb4 Kf6 24. Rb7 Be8 25. Qd4+ Kg6 26. Qe5 Kh6 27. Qxe6+ Bg6 28. Bxf5 Rxh2 29. Kf3 Bc5 30. Bxg6 hxg6 31. Qe5 Rg8 32. Qxd5 Rc8 33. Qd7 Rg8 34. Qe6 Kh7 35. Rc7 Bb4 36. Qxa6 Rh1 37. Qc4 Be1 38. Rc6 Bh4 39. Qd3 Bf6 40. Qd7 Rf8 41. Qg4 Rf1+ 42. Ke2 Rh1 43. Rd6 Rb8 44. Rd2 Rbb1 45. Qd7 Rbe1+ 46. Kf3 Rhf1+ 47. Ke4 Rg1 48. Qh3+ Kg8 49. Rc2 Rc1 50. Rxc1 Rxc1 51. Qe6+ Kh7 52. g4 g5 53. Qf5+ Kh6 54. Kf3 Rc3 55. Ke2 Rc6 56. Qe4 Rb6 57. Qe8 gxf4 58. Qh5# 1-0


[Site "https://www.chess.com"]

[Event "Titled Tuesday Blitz August 02 Late 2022"]
[White "Sarkar, Justin"]
[Black "Ekdyshman, Mikhail"]
[WhiteFideId "2010011"]
[BlackFideId "4149416"]
[WhiteElo "2006"]
[BlackElo "2146"]
[Result "1-0"]
[Round "11"]
[TimeControl "180+1"]
[Date "2022.08.02"]
[WhiteClock "0:00:05"]
[BlackClock "0:00:11"]

1. d4 Nf6 2. c4 c5 3. d5 b5 4. cxb5 a6 5. e3 axb5 6. Bxb5 Qa5+ 7. Nc3 e6 8. Bd2 Bb7 9. Nge2 Qb6 10. a4 exd5 11. O-O Bd6 12. a5 Rxa5 13. Nxd5 Rxa1 14. Nxb6 Rxd1 15. Rxd1 Ne4 16. Be1 Ke7 17. Nd5+ Bxd5 18. Rxd5 Nf6 19. Rd1 Rc8 20. Bc3 Nc6 21. Bxf6+ gxf6 22. Nc3 Be5 23. Nd5+ Ke6 24. Bc4 Na5 25. Nb6+ Nxc4 26. Nxc8 Bxb2 27. Kf1 d5 28. Ke2 d4 29. exd4 Bxd4 30. Rb1 Ne5 31. Nb6 Ng4 32. f3 Nxh2 33. Nc4 Kd5 34. Nd2 Be5 35. Rh1 c4 36. Ne4 f5 37. Rd1+ Ke6 38. Ng5+ Kf6 39. Nxh7+ Kg6 40. Nf8+ Kg5 41. Nd7 Bg3 42. Nb6 c3 43. Rc1 Be5 44. Nc4 Bg3 45. Rxc3 f4 46. Rc1 f5 47. Rh1 Kf6 48. Nd6 Ke5 49. Nb5 Kf6 50. Nc3 Ke5 51. Nd1 Kd4 52. Nf2 Ke5 53. Nh3 Kf6 54. Ng1 Ke5 55. Nh3 Kf6 56. Nf2 Ke5 57. Nd1 Kd4 58. Nb2 Kc3 59. Nd3 Kd4 60. Nb4 Ke5 61. Nc6+ Kf6 62. Nd4 Ke5 63. Nc2 Kd5 64. Ne1 Kd4 65. Nd3 Kd5 66. Nf2 Kd4 67. Nh3 Ke5 68. Ra1 Kd4 69. Ra5 Ng4 70. Rxf5 Ne3 71. Rxf4+ Bxf4 72. Nxf4 Nf5 73. g4 Nh4 74. Kf2 Ke5 75. Kg3 Nf5+ 76. gxf5 Kxf5 77. Ne2 Kg5 78. f4+ Kf5 79. Kf3 Kf6 80. Ng3 Kf7 81. f5 Kf6 82. Kf4 Kf7 83. Ke5 Ke7 84. f6+ Ke8 85. Ke6 Kf8 86. f7 1-0


[Site "https://www.chess.com"]

[Event "Titled Tuesday Blitz August 02 Late 2022"]
[White "Shimanov, Aleksandr"]
[Black "Jaferian, Koosha"]
[WhiteFideId "4198603"]
[BlackFideId "12507440"]
[WhiteElo "2605"]
[BlackElo "2030"]
[Result "0-1"]
[Round "11"]
[TimeControl "180+1"]
[Date "2022.08.02"]
[WhiteClock "0:00:02"]
[BlackClock "0:00:08"]

1. e4 c6 2. Nf3 d5 3. exd5 cxd5 4. Ne5 a6 5. d4 Nc6 6. Nxc6 bxc6 7. Bd3 Nf6 8. h3 g6 9. O-O Bg7 10. Bf4 O-O 11. c3 Qb6 12. Qc2 a5 13. Re1 e6 14. Nd2 Ba6 15. Bxa6 Qxa6 16. Be5 Nd7 17. Bxg7 Kxg7 18. b4 Nb6 19. a3 Nc4 20. Nb3 axb4 21. axb4 Qb6 22. Nc5 Ra7 23. Ra4 Rfa8 24. Rea1 Nd6 25. g3 Nb5 26. h4 Rxa4 27. Rxa4 Rxa4 28. Nxa4 Qd8 29. Kg2 Qf6 30. Nc5 h5 31. Nd7 Qf5 32. Qxf5 gxf5 33. Ne5 Na7 34. Kf3 f6 35. Nd7 Kf7 36. Ke3 Ke7 37. Nc5 Nb5 38. Kd2 Kd6 39. Nb7+ Kc7 40. Nc5 Kd6 41. Nd3 e5 42. dxe5+ fxe5 43. Kc2 Na3+ 44. Kd2 Nc4+ 45. Ke2 Na3 46. f3 Nb5 47. Kd2 Ke6 48. Nc5+ Kd6 49. Nd3 Ke6 50. Nc1 e4 51. Ne2 exf3 52. Nf4+ Ke5 53. Ke3 Nxc3 54. Kxf3 Na2 55. Nxh5 Nxb4 56. Nf4 c5 57. h5 c4 58. h6 Kf6 0-1


[Site "https://www.chess.com"]

[Event "Titled Tuesday Blitz August 02 Late 2022"]
[White "Sjugirov, Sanan"]
[Black "Naroditsky, Daniel"]
[WhiteFideId "4189302"]
[BlackFideId "2026961"]
[WhiteElo "2609"]
[BlackElo "2608"]
[Result "1/2-1/2"]
[Round "11"]
[TimeControl "180+1"]
[Date "2022.08.02"]
[WhiteClock "0:00:04"]
[BlackClock "0:00:05"]

1. e4 e5 2. Nf3 Nc6 3. Bb5 f5 4. d3 fxe4 5. dxe4 Nf6 6. O-O d6 7. Bc4 Bg4 8. Qd3 Na5 9. Bb3 Qd7 10. h3 Bh5 11. Nc3 Nxb3 12. axb3 Be7 13. Nh4 O-O 14. Nf5 Bd8 15. Ng3 Bg6 16. Be3 c6 17. Qd2 b5 18. Rfd1 Be7 19. f3 Rfd8 20. Qf2 Qb7 21. b4 d5 22. Bc5 d4 23. Nce2 Bxc5 24. bxc5 Qe7 25. b4 Qe6 26. Nc1 Rf8 27. Qd2 h5 28. Nd3 h4 29. Nf1 Bxe4 30. fxe4 Nxe4 31. Qe2 Nc3 32. Qxe5 Qxe5 33. Nxe5 Nxd1 34. Rxd1 a5 35. bxa5 Rf5 36. Nxc6 Rxc5 37. Nxd4 b4 38. Nb3 Rxc2 39. Rd4 Rb8 40. Rxh4 Rb2 41. Nfd2 Rd8 42. Rg4 Rd5 43. a6 Ra2 44. Rxb4 Rxa6 45. Rg4 Ra2 46. Nf3 Rd1+ 47. Kh2 Rb1 48. Nbd4 Rb4 49. Nf5 Rxg4 50. hxg4 Kf7 51. Kg3 Kf6 52. Ne3 Ra5 53. Nf1 g5 54. N1d2 Ra4 55. Nb1 Rc4 56. Nbd2 Ra4 57. Nh2 Ra3+ 58. Ndf3 Ra1 59. Kf2 Ra2+ 60. Kg1 Ra1+ 61. Nf1 Rb1 62. Kf2 Rb2+ 63. N1d2 Rb4 64. Kg3 Ra4 1/2-1/2


[Site "https://www.chess.com"]

[Event "Titled Tuesday Blitz August 02 Late 2022"]
[White "Steinberg, Nitzan"]
[Black "Mardov, Dimitar"]
[WhiteFideId "2801795"]
[BlackFideId "30919495"]
[WhiteElo "2471"]
[BlackElo "2185"]
[Result "0-1"]
[Round "11"]
[TimeControl "180+1"]
[Date "2022.08.02"]
[WhiteClock "0:01:28"]
[BlackClock "0:00:19"]

1. d4 Nf6 2. Nf3 d5 3. c4 e6 4. Nc3 Be7 5. cxd5 exd5 6. Bg5 O-O 7. Qc2 c6 8. e3 Re8 9. Bd3 Nbd7 10. O-O Nf8 11. h3 g6 12. Bf4 Ne6 13. Bh2 Ng7 14. Rab1 a5 15. a3 Bf5 16. b4 axb4 17. axb4 Bxd3 18. Qxd3 Ne6 19. b5 c5 20. dxc5 Nxc5 21. Qd1 Nce4 22. Nxe4 Nxe4 23. Be5 Bf6 24. Bd4 Ra2 25. Qb3 Qa5 26. Qxd5 Bxd4 27. Qxd4 Nc3 28. Qh4 Nxb1 29. Rxb1 Ra1 30. Rxa1 Qxa1+ 31. Kh2 Qb2 32. Nd4 Qb4 33. g3 Qe7 34. Qf4 Kg7 35. h4 Qf6 36. Qxf6+ Kxf6 37. Kg2 Ke5 38. Nf3+ Kd5 39. Ng5 f6 40. Nf3 Kc5 41. Nd4 Re4 42. h5 Rxd4 43. exd4+ Kxd4 44. Kf3 Kc5 45. Ke4 Kxb5 46. Kd5 gxh5 47. Ke6 Kc4 48. Kxf6 b5 49. f4 b4 50. f5 b3 51. Kg7 b2 52. f6 b1=Q 53. f7 Qg6+ 54. Kf8 Kd5 55. Ke7 Qd6+ 56. Ke8 Ke6 0-1


[Site "https://www.chess.com"]

[Event "Titled Tuesday Blitz August 02 Late 2022"]
[White "Swiercz, Dariusz"]
[Black "Tica, Sven"]
[WhiteFideId "1126881"]
[BlackFideId "14526948"]
[WhiteElo "2627"]
[BlackElo "2346"]
[Result "1-0"]
[Round "11"]
[TimeControl "180+1"]
[Date "2022.08.02"]
[WhiteClock "0:00:09"]
[BlackClock "0:00:09"]

1. Nf3 g6 2. d4 Bg7 3. Bf4 d6 4. e3 Nd7 5. h3 e5 6. Bh2 Ne7 7. Nc3 O-O 8. Bc4 exd4 9. exd4 Nb6 10. Bd3 Nf5 11. Ne2 Qf6 12. O-O Bd7 13. c3 Bc6 14. Ng3 Nxg3 15. fxg3 Qe7 16. Qd2 Rae8 17. Rae1 Qd7 18. g4 Bd5 19. b3 c5 20. Qf2 Rxe1 21. Rxe1 cxd4 22. Nxd4 a6 23. Bf4 Bc6 24. c4 Nc8 25. Nxc6 bxc6 26. Qe2 a5 27. Bd2 d5 28. Kh1 a4 29. Bb4 Rd8 30. Ba5 Rf8 31. Bb4 Rd8 32. cxd5 cxd5 33. Bb5 Qb7 34. bxa4 Na7 35. g5 h5 36. gxh6 Bxh6 37. Qe7 Rb8 38. Qxb7 Rxb7 39. Re7 Rxe7 40. Bxe7 Bd2 41. Bc5 Nc8 42. Bd7 1-0


[Site "https://www.chess.com"]

[Event "Titled Tuesday Blitz August 02 Late 2022"]
[White "Tanenbaum, Zachary"]
[Black "Ovchinnikov, Vsevolod"]
[WhiteFideId "2060850"]
[BlackFideId "24176842"]
[WhiteElo "2175"]
[BlackElo "2376"]
[Result "1-0"]
[Round "11"]
[TimeControl "180+1"]
[Date "2022.08.02"]
[WhiteClock "0:00:07"]
[BlackClock "0:00:03"]

1. e4 g6 2. d4 Bg7 3. Nc3 a6 4. Bg5 b5 5. Nf3 Bb7 6. Bd3 d6 7. Qe2 Nd7 8. O-O-O c5 9. dxc5 Nxc5 10. e5 Bxf3 11. Qxf3 Bxe5 12. Nd5 Ne6 13. Nb6 Ra7 14. Be3 Nf6 15. Nd5 Rd7 16. Bb6 Qc8 17. Nxf6+ Bxf6 18. h4 h5 19. Qe3 Kf8 20. Bxg6 Nc5 21. Bf5 e6 22. Rxd6 Rxd6 23. Bxc5 Be7 24. Bxd6 Bxd6 25. Qd4 Ke7 26. Re1 Rd8 27. Qe3 Bb8 28. Bd3 Qd7 29. Qg5+ Ke8 30. Qxh5 Qe7 31. Bf5 Bf4+ 32. Kb1 Bd2 33. Rxe6 Qxe6 34. Bxe6 Rd7 35. Bxd7+ Kxd7 36. Qd5+ 1-0


[Site "https://www.chess.com"]